Map: Alcyone LE

Players

SubN

  • Race: Zerg Zerg
  • League: Diamond
  • Spawn Location: 7:00

ant - Winner!

  • Race: Protoss Protoss
  • League: Diamond
  • Spawn Location: 1:00

VOD

Have the link to the VOD?

Description

Time

  • Played on: Nov. 17, 2023, 10:59 a.m.
  • Length: 24:22
Show
View Real Time Build Order
Export as new Build Order

SubN Zerg 

Build Orders: 3 Hatch before Pool, Lurkers 

Get SALT Encoding   

  12  0:00  Drone  
  13  0:09  Drone  
  14  0:34  Hatchery  
  13  0:39  Drone  
  14  1:05  Hatchery  
  14  1:06  Drone  
  14  1:21  Spawning Pool  
  13  1:33  Drone  
  13  1:36  Extractor  
  13  1:38  Drone  
  15  1:54  Overlord  
  15  2:00  Drone x4  
  19  2:18  Queen  
  19  2:19  Queen  
  23  2:29  Queen  
  25  2:32  Drone  
  25  2:34  Drone  
  27  2:46  Zergling x2  
  27  2:47  Zergling x6  
  27  2:50  Zergling x2  
  32  2:51  Zergling x2  
  32  2:53  Zergling x2  
  34  2:58  Overlord  
  32  3:16  Queen  
  33  3:26  Drone x2  
  33  3:27  Drone x5  
  40  3:34  Spine Crawler  
  38  3:45  Drone x4  
  38  3:48  Overlord  
  42  3:55  Extractor  
  42  3:58  Queen  
  41  4:05  Overlord  
  41  4:07  Drone x3  
  44  4:15  Spore Crawler  
  43  4:18  Spore Crawler  
  43  4:23  Spore Crawler  
  41  4:26  Spore Crawler  
  41  4:28  Spore Crawler  
  41  4:30  Drone x4  
  42  5:01  Drone x4  
  42  5:02  Drone x11  
  57  5:14  Lair  
  57  5:19  Overlord  
  57  5:20  Overlord  
  57  5:37  Queen  
  57  5:39  Zergling x12  
  65  5:53  Extractor  
  65  5:54  Overlord x2  
  64  6:03  Overlord  
  64  6:08  Hatchery  
  63  6:13  Zergling x2  
  63  6:16  Zergling x2  
  65  6:24  Zergling x2  
  66  6:26  Zergling x2  
  66  6:28  Zergling x2  
  68  6:39  Spire  
  67  6:42  Drone  
  67  6:43  Drone x3  
  67  6:44  Drone x2  
  73  6:54  Hydralisk Den  
  71  7:03  Drone x2, Extractor  
  71  7:05  Drone x4, Extractor  
  71  7:06  Drone x2  
  75  7:25  Drone x2  
  75  7:26  Drone  
  75  7:27  Drone x5  
  75  7:29  Extractor  
  82  7:30  Extractor  
  81  7:38  Spore Crawler  
  81  7:41  Spore Crawler  
  79  7:44  Spore Crawler  
  79  7:46  Overlord x2, Spore Crawler  
  79  7:47  Spore Crawler  
  76  7:53  Zerg Flyer Weapons Level 1  
  76  7:54  Grooved Spines  
  76  7:58  Overlord x4  
  76  8:03  Overlord  
  76  8:04  Overlord x2  
  76  8:07  Drone x4  
  76  8:09  Drone  
  76  8:10  Drone x3  
  76  8:11  Drone x3  
  87  8:16  Queen  
  87  8:17  Queen x2  
  87  8:18  Queen  
  87  8:19  Metabolic Boost  
  95  8:21  Drone x2  
  95  8:25  Overseer  
  95  8:26  Baneling Nest  
  96  8:37  Drone x2  
  96  8:40  Evolution Chamber  
  97  8:43  Evolution Chamber  
  97  8:44  Muscular Augments  
  97  8:47  Hydralisk x6  
  97  8:48  Hydralisk x6  
  120  9:01  Overlord  
  119  9:12  Drone, Spore Crawler  
  119  9:13  Drone x15  
  134  9:18  Drone  
  135  9:32  Centrifugal Hooks  
  135  9:35  Zergling x22  
  138  9:48  Hatchery  
  136  10:01  Drone x6  
  136  10:02  Drone  
  136  10:04  Extractor x2  
  141  10:07  Spine Crawler  
  141  10:10  Spine Crawler  
  141  10:13  Spine Crawler  
  138  10:15  Drone x3  
  138  10:18  Drone x3  
  138  10:20  Queen  
  145  10:31  Zerg Flyer Weapons Level 2  
  145  10:32  Zerg Melee Weapons Level 1  
  145  10:33  Zerg Missile Weapons Level 1  
  145  10:40  Lurker Den, Baneling x2  
  145  10:41  Baneling x20  
  145  10:42  Zergling x16  
  151  10:43  Zergling x2  
  151  10:44  Overlord x2  
  151  10:45  Overlord x3  
  151  10:46  Overseer  
  152  10:59  Queen  
  152  11:00  Overlord x3  
  152  11:01  Overlord x2  
  154  11:04  Corruptor  
  154  11:05  Corruptor x5  
  154  11:11  Zergling x6  
  167  11:19  Queen  
  167  11:20  Queen  
  167  11:23  Drone  
  167  11:25  Hydralisk x2  
  170  11:26  Hydralisk x11  
  170  11:30  Baneling x4  
  170  11:31  Baneling x2  
  196  11:46  Infestation Pit  
  195  11:51  Lurker  
  195  11:52  Lurker x2  
  195  11:53  Lurker  
  199  12:03  Spore Crawler  
  199  12:05  Queen  
  198  12:23  Spore Crawler  
  198  12:26  Spore Crawler  
  198  12:27  Spore Crawler  
  190  12:31  Lurker  
  190  12:32  Lurker x7  
  198  12:46  Queen  
  200  13:04  Spore Crawler  
  197  13:06  Spore Crawler  
  197  13:09  Spore Crawler x2  
  194  13:16  Hive, Zerg Missile Weapons Level 2  
  194  13:17  Zerg Melee Weapons Level 2  
  194  13:36  Drone x6  
  200  13:49  Zerg Flyer Armor Level 1  
  200  14:19  Unknown  
  197  14:42  Viper  
  197  14:56  Corruptor x5  
  193  15:23  Corruptor  
  193  15:24  Corruptor x2  
  197  15:39  Seismic Spines  
  197  15:46  Corruptor  
  197  15:47  Corruptor x3  
  179  16:36  Hydralisk x3, Adaptive Talons  
  179  16:37  Hydralisk x3  
  179  16:39  Corruptor x4  
  199  16:51  Greater Spire, Hatchery  
  199  16:52  Extractor  
  199  16:53  Extractor  
  182  17:25  Corruptor  
  182  17:26  Corruptor x11  
  175  17:55  Corruptor  
  175  17:56  Corruptor x11  
  179  18:07  Corruptor  
  179  18:08  Corruptor x11  
  191  18:27  Hatchery  
  191  18:30  Spine Crawler  
  191  18:31  Spine Crawler  
  191  18:32  Unknown, Hatchery, Spine Crawler, Extractor  
  176  18:34  Brood Lord x2, Extractor  
  176  18:35  Brood Lord x3  
  176  18:36  Spine Crawler  
  176  18:37  Spine Crawler  
  181  18:41  Lurker  
  181  18:42  Lurker x5  
  181  18:44  Zergling x2  
  181  18:45  Zergling x22  
  198  19:17  Baneling  
  198  19:18  Baneling x22  
  198  19:31  Hatchery  
  196  19:51  Brood Lord  
  198  19:54  Zergling x4  
  175  20:13  Hydralisk  
  175  20:14  Hydralisk x11  
  179  20:45  Zergling x24  
  168  21:11  Zergling x4  
  168  21:12  Zergling x18  
  168  21:13  Spine Crawler  
  168  21:14  Spine Crawler  
  168  21:17  Brood Lord x3  
  168  21:18  Brood Lord x2  
  180  21:20  Spine Crawler  
  180  21:21  Spine Crawler  
  180  21:23  Spine Crawler  
  177  21:37  Overseer  
  177  21:38  Overseer  
  177  21:41  Zerg Flyer Weapons Level 3  
  177  21:42  Zerg Melee Weapons Level 3, Zerg Missile Weapons Level 3  
  177  21:50  Hatchery  
  177  21:51  Extractor  
  177  21:52  Extractor  
  174  22:03  Hatchery  
  173  22:10  Extractor  
  173  22:11  Hatchery  
  173  22:15  Zergling x4  
  173  22:43  Viper x2  
  173  22:44  Viper x2  
  173  22:45  Hatchery  
  125  23:42  Hydralisk  
  125  23:43  Hydralisk x13  
  125  23:47  Zergling x4  
  125  23:48  Zergling x2  
Show
View Real Time Build Order
Export as new Build Order

ant Protoss - Winner!

Build Orders: 1 Gate Expand, Oracle Opening 

Get SALT Encoding   

  12  0:00  Probe  
  13  0:12  Probe  
  14  0:18  Pylon  
  14  0:24  Probe  
  15  0:37  Gateway  
  15  0:38  Probe (Chrono Boost)  
  16  0:44  Assimilator  
  16  0:50  Probe (Chrono Boost)  
  17  0:59  Probe  
  18  1:11  Probe  
  19  1:23  Probe  
  20  1:28  Cybernetics Core  
  20  1:39  Nexus  
  20  1:46  Pylon  
  20  1:51  Assimilator  
  20  2:04  Adept (Chrono Boost)  
  22  2:10  Probe (Chrono Boost)  
  23  2:16  Stargate  
  23  2:21  Probe (Chrono Boost)  
  24  2:26  Probe (Chrono Boost)  
  25  2:34  Adept  
  25  2:36  Probe  
  28  2:48  Probe (Chrono Boost)  
  29  2:53  Gateway  
  30  3:00  Probe x2 (Chrono Boost)  
  31  3:06  Probe (Chrono Boost)  
  31  3:08  Probe (Chrono Boost)  
  33  3:19  Oracle, Probe (Chrono Boost)  
  38  3:23  Warp Gate, Probe (Chrono Boost)  
  38  3:25  Zealot  
  40  3:28  Probe (Chrono Boost), Shield Battery  
  40  3:31  Probe (Chrono Boost)  
  42  3:34  Probe  
  43  3:41  Adept  
  43  3:42  Probe  
  43  3:47  Pylon, Shield Battery  
  46  3:50  Gateway  
  46  4:04  Phoenix (Chrono Boost)  
  46  4:06  Probe  
  46  4:07  Probe  
  46  4:09  Pylon  
  50  4:18  Probe  
  50  4:19  Probe  
  52  4:27  Assimilator  
  52  4:30  Probe, Assimilator  
  52  4:31  Probe  
  51  4:54  Probe  
  51  4:55  Probe  
  51  4:57  Phoenix  
  55  5:05  Twilight Council  
  55  5:07  Gateway, Probe x2  
  56  5:10  Gateway  
  56  5:13  Gateway  
  59  5:27  Nexus  
  57  5:28  Pylon  
  57  5:30  Pylon  
  57  5:31  Pylon  
  57  5:33  Pylon  
  57  5:34  Pylon  
  57  5:39  Phoenix (Chrono Boost), Charge (Chrono Boost)  
  59  5:44  Zealot  
  61  5:50  Zealot x2  
  61  5:52  Shield Battery  
  61  5:55  Probe x2  
  67  6:02  Phoenix (Chrono Boost)  
  67  6:03  Forge  
  69  6:04  Forge  
  69  6:07  Probe (Chrono Boost)  
  71  6:13  Probe (Chrono Boost)  
  71  6:17  Probe (Chrono Boost)  
  72  6:18  Gateway  
  72  6:20  Gateway, Probe (Chrono Boost)  
  72  6:22  Probe (Chrono Boost)  
  72  6:23  Gateway  
  74  6:26  Pylon  
  74  6:31  Probe  
  74  6:32  Protoss Ground Weapons Level 1 (Chrono Boost)  
  75  6:33  Protoss Ground Armor Level 1 (Chrono Boost)  
  75  6:34  Probe  
  76  6:40  Templar Archives  
  76  6:42  Shield Battery  
  76  6:45  Shield Battery  
  76  6:49  Zealot  
  76  6:51  Sentry x2  
  82  7:01  Zealot x3  
  86  7:07  Psionic Storm, Probe  
  86  7:08  Probe x2  
  90  7:15  Phoenix (Chrono Boost)  
  91  7:19  Probe  
  91  7:20  High Templar x3  
  91  7:21  Probe x2  
  102  7:24  Assimilator  
  102  7:28  Assimilator  
  102  7:32  Probe  
  102  7:33  Probe x2  
  105  7:44  Phoenix (Chrono Boost)  
  107  7:56  Blink (Chrono Boost)  
  105  8:06  Phoenix (Chrono Boost)  
  107  8:17  Probe (Chrono Boost)  
  110  8:22  Probe (Chrono Boost)  
  110  8:23  Probe (Chrono Boost), Nexus  
  110  8:24  Phoenix  
  110  8:25  Robotics Facility  
  110  8:26  Pylon  
  112  8:27  Robotics Facility  
  112  8:29  Pylon  
  112  8:32  Pylon  
  112  8:34  Pylon  
  112  8:37  Pylon  
  112  8:49  Phoenix  
  112  8:54  Zealot x2  
  112  8:55  Zealot x7  
  132  9:12  Probe x2  
  132  9:13  Phoenix  
  132  9:14  Protoss Ground Armor Level 2 (Chrono Boost)  
  136  9:24  Protoss Ground Weapons Level 2 (Chrono Boost)  
  136  9:30  Photon Cannon  
  136  9:33  Gateway  
  136  9:34  Gateway  
  136  9:36  Gateway  
  136  9:37  Photon Cannon  
  136  9:38  Phoenix, Photon Cannon  
  136  9:41  Photon Cannon  
  126  9:51  Zealot x7  
  126  9:52  Zealot x2  
  138  9:59  Immortal (Chrono Boost)  
  138  10:02  Immortal (Chrono Boost)  
  138  10:03  Phoenix  
  148  10:08  Robotics Bay  
  148  10:11  Probe x2  
  150  10:14  Assimilator  
  150  10:18  Stalker  
  150  10:20  Assimilator, High Templar x4  
  150  10:21  High Templar  
  162  10:22  Protoss Air Weapons Level 1  
  162  10:23  High Templar  
  162  10:24  Archon x2  
  162  10:27  Archon  
  164  10:54  Photon Cannon  
  164  10:55  Photon Cannon  
  164  10:58  Photon Cannon  
  164  11:31  Observer  
  164  11:32  Fleet Beacon, Observer  
  166  11:33  Stargate  
  166  11:34  Stargate, Stalker  
  166  11:36  Stargate  
  166  11:37  Protoss Ground Armor Level 3 (Chrono Boost)  
  168  11:41  Pylon  
  168  11:42  Pylon  
  168  11:46  Nexus  
  168  11:48  Pylon  
  168  11:51  Pylon  
  166  12:41  Tempest (Chrono Boost)  
  166  12:42  Tempest x3 (Chrono Boost)  
  163  12:49  Immortal x2  
  189  13:20  Photon Cannon  
  189  13:22  Photon Cannon  
  189  13:24  Photon Cannon  
  189  13:27  Photon Cannon  
  189  13:29  Photon Cannon  
  189  13:31  Photon Cannon  
  189  13:33  Dark Shrine  
  189  13:41  Photon Cannon  
  189  13:42  Photon Cannon  
  191  13:49  Tempest (Chrono Boost)  
  191  13:52  Oracle (Chrono Boost)  
  197  13:56  Protoss Shields Level 1 (Chrono Boost)  
  197  14:06  Stalker  
  199  14:12  Protoss Ground Weapons Level 3 (Chrono Boost)  
  199  14:16  Protoss Air Weapons Level 2 (Chrono Boost)  
  194  15:53  Assimilator  
  194  15:56  Assimilator  
  194  16:01  Oracle x2  
  194  16:29  Archon  
  174  16:34  High Templar  
  174  16:35  High Templar x6  
  188  16:52  Zealot x5  
  198  17:18  Unknown  
  194  17:42  Tempest  
  194  17:43  Tempest  
  192  18:01  Archon  
  154  18:10  Carrier x2 (Chrono Boost)  
  145  18:14  Zealot x6  
  145  18:15  Zealot x6  
  159  18:23  Carrier x2 (Chrono Boost)  
  161  18:37  Immortal x2  
  169  18:51  Protoss Shields Level 2 (Chrono Boost)  
  169  18:55  Nexus  
  169  18:56  Pylon  
  169  19:06  Carrier, Tempest  
  180  19:14  Protoss Air Weapons Level 3  
  180  19:19  Tempest  
  180  19:20  Tempest  
  180  19:23  Pylon, Stalker x5  
  200  19:25  Photon Cannon  
  200  19:27  Photon Cannon  
  200  19:29  Photon Cannon  
  200  19:30  Photon Cannon  
  200  19:31  Shield Battery  
  194  19:41  Stalker x3  
  200  19:53  Observer  
  200  19:54  Observer  
  164  20:11  Pylon  
  164  20:12  Assimilator, Zealot x2  
  164  20:13  Zealot x6  
  164  20:14  Zealot x4  
  147  20:42  Stalker  
  147  20:43  Stalker x5  
  127  21:05  Pylon  
  127  21:07  Pylon  
  127  21:09  Pylon  
  121  21:17  Immortal  
  121  21:18  Immortal  
  121  21:20  High Templar x3  
  121  21:21  High Templar x6  
  121  21:24  Archon  
  121  21:25  Archon x3, Tempest x3 (Chrono Boost)  
  139  21:26  Tempest (Chrono Boost)  
  167  21:35  Stalker  
  169  21:43  Unknown  
  169  21:44  Zealot  
  169  21:45  Zealot  
  173  21:53  Zealot x5  
  173  21:54  Zealot x4  
  189  21:56  Probe x2  
  189  22:01  Tempest  
  193  22:05  Protoss Air Armor Level 1  
  198  22:12  Probe x2  
  198  22:13  Nexus  
  200  22:17  Pylon  
  196  22:34  Probe (Chrono Boost)  
  199  22:39  Probe x2 (Chrono Boost)  
  199  22:48  Assimilator  
  121  23:43  Zealot x8  
  121  23:44  Zealot x4  
  163  23:53  Observer  
  164  24:06  Zealot x8  
  164  24:07  Zealot x4  
Tags
 
Add a new tag
Caveats
  • Supply blocks, unpowered buildings, or Contaminate may cause inaccurate times.
  • Supply counts are checked every 10 seconds.